 Dungeon Crawl Stone Soup version 0.26-b1-32-g5d43845318 (webtiles) character file.

Game seed: 2382527084861201756

1588 Anon1729 the Ruffian (level 8, 0/59 HPs)
             Began as a Yellow Draconian Transmuter on Jan 5, 2021.
             Slain by Prince Ribbit (11 damage)
             ... on level 5 of the Dungeon.
             The game lasted 00:08:08 (5602 turns).

Anon1729 the Ruffian (Yellow Draconian Transmuter)  Turns: 5602, Time: 00:08:08

Health: 0/59       AC:  7    Str: 13    XL:     8   Next: 61%
Magic:  12/12      EV: 13    Int: 16    God:
Gold:   229        SH:  0    Dex: 11    Spells: 6/12 levels left

rFire    . . .     SeeInvis .     - Unarmed
rCold    . . .     Faith    .   (no shield)
rNeg     . . .     Spirit   .   (armour unavailable)
rPois    .         Reflect  .   (helmet restricted)
rElec    .         Harm     .   (no cloak)
rCorr    +         Rampage  .   i - +0 pair of gloves
Will     .....                  (no boots)
Stlth    ++........             (no amulet)
HPRegen  0.19/turn              (no ring)
MPRegen  0.13/turn              (no ring)

@: no status effects
A: spit acid, unfitting armour, cold-blooded, acid resistance, AC +6
a: Breathe Acid


You were on level 5 of the Dungeon.
You visited 1 branch of the dungeon, and saw 5 of its levels.

You collected 229 gold pieces.

Inventory:

Missiles
 o - 3 javelins
 q - 3 poisoned darts
Armour
 i - a +0 pair of gloves (worn)
Wands
 r - a wand of enslavement (10)
 s - a wand of flame (13)
Scrolls
 a - a scroll of remove curse
 c - 7 scrolls of identify
 e - 2 scrolls of blinking {unknown}
 j - 2 scrolls of teleportation {unknown}
 k - a scroll of fear {unknown}
 n - a scroll of enchant armour {unknown}
 p - 2 scrolls of random uselessness {unknown}
Potions
 b - a potion of degeneration {unknown}
 d - a potion of curing
 f - a potion of attraction {unknown}
 g - a potion of haste {unknown}
 h - a potion of resistance {unknown}
 l - 4 potions of mutation {unknown}
 m - a potion of brilliance {unknown}


   Skills:
 - Level 1.5 Fighting
 - Level 3.3 Dodging
 - Level 1.5 Stealth
 + Level 7.6 Unarmed Combat
 - Level 2.7 Spellcasting
 + Level 5.5 Transmutations
 + Level 4.5 Poison Magic


You had 6 spell levels left.
You knew the following spells:

 Your Spells              Type           Power        Failure   Level
a - Beastly Appendage     Tmut           38%          1%          1
b - Wereblood             Tmut           19%          3%          2
c - Spider Form           Tmut/Pois      9%           8%          3

Your spell library contained the following spells:

 Spells                   Type           Power        Failure   Level
 Confusing Touch          Hex            2%           50%         3
 Gell's Gravitas          Tloc           1%           50%         3
 Blade Hands              Tmut           9%           50%         5
 Ice Form                 Ice/Tmut       11%          52%         4
 Petrify                  Tmut/Erth      11%          52%         4
 Yara's Violent Unravell  Hex/Tmut       5%           86%         5
 Metabolic Englaciation   Hex/Ice        1%           99%         5


Dungeon Overview and Level Annotations

Branches:
Dungeon (5/15)
 Temple: D:4-7

Altars:
Elyvilon

Shops:
D:4 :

Annotations:
D:5 Prince Ribbit


Innate Abilities, Weirdness & Mutations

You can spit globs of acid.
Your golden yellow scales are hard. (AC +6)
You cannot fit into any form of body armour.
You are cold-blooded and may be slowed by cold attacks.
You are resistant to acid. (rCorr)


Message History

You miss Prince Ribbit.
Your tail-slap misses Prince Ribbit.
Prince Ribbit hits you! The leopard gecko barely misses you.
Prince Ribbit hits you!
* * * LOW HITPOINT WARNING * * *
You are too injured to fight recklessly!
You are too injured to fight recklessly!
You are too injured to fight recklessly!
You are too injured to fight recklessly!
The leopard gecko closely misses you.
There is a stone staircase leading down here.
Press: ? - help, v - describe, . - travel
Here: Prince Ribbit The floor.
Okay, then.
Unknown command.
Prince Ribbit closely misses you.
The frilled lizard hisses.
Okay, then.
Prince Ribbit hits you!
You die...

.## ... ..# #..............
... .. #..#........... .. ..#
#..#.......#... ##.##..##
...#.#.#...#...# #...#...#
...#........O...### #.....#...
...#...#...#......####......?.
#................Fl.>.†#.....>
.....#####.....#@##...## .....
.......#..............###.....
........)..#..................
.....#.#...#..................
........#.##.#.#............ .
...........#............)...
......†....#...#....#.......
...(....#...................
..#...†......#####†........#


You could see Prince Ribbit, an ogre and a leopard gecko.

Vanquished Creatures
  Pikel (D:4)
  Sigmund (D:2)
  Edmund (D:5)
  An ogre (D:5)
  A phantom (D:3)
  A lemure (D:4)
  2 scorpions (D:5)
  A hound (D:5)
  4 orc wizards (D:4)
  A centaur skeleton (D:3)
  Jessica (D:2)
  Terence (D:2)
  Natasha (D:1)
  Ijyb (D:5)
  5 worker ants
  7 gnolls
  A howler monkey skeleton (D:5)
  5 adders
  A shadow imp (D:5)
  2 adder skeletons (D:4)
  2 worms (D:3)
  A dart slug (D:1)
  A leopard gecko (D:4)
  12 orcs
  4 giant cockroaches
  7 hobgoblins
  3 jackals (D:1)
  3 quokkas
  13 bats
  6 frilled lizards
  6 goblins
  6 kobolds
  A leopard gecko skeleton (D:4)
  8 rats
112 creatures vanquished.

Notes
Turn   | Place    | Note
-------+----------+-------------------------------------------
     0 | D:1      | Anon1729 the Draconian Transmuter began the quest for the
                  | Orb.
     0 | D:1      | Reached XP level 1. HP: 16/16 MP: 3/3
   352 | D:1      | Reached XP level 2. HP: 23/23 MP: 5/5
   875 | D:1      | Reached XP level 3. HP: 25/28 MP: 6/6
  1020 | D:2      | Noticed Natasha
  1479 | D:1      | Killed Natasha
  1480 | D:1      | Reached skill level 4 in Unarmed Combat
  1649 | D:2      | Noticed Sigmund
  1664 | D:1      | Learned a level 2 spell: Wereblood
  1668 | D:1      | Learned a level 3 spell: Spider Form
  1766 | D:2      | Killed Sigmund
  1767 | D:2      | Reached skill level 1 in Stealth
  1767 | D:2      | Reached XP level 4. HP: 35/35 MP: 4/7
  1767 | D:2      | Reached XP level 5. HP: 40/40 MP: 4/8
  1774 | D:2      | Reached skill level 5 in Unarmed Combat
  2096 | D:2      | Noticed Terence
  2107 | D:2      | Killed Terence
  2108 | D:2      | Reached XP level 6. HP: 42/47 MP: 5/9
  2372 | D:2      | Noticed Jessica
  2381 | D:2      | Killed Jessica
  3372 | D:4      | Found Bomp's Book Emporium.
  3402 | D:4      | Reached skill level 6 in Unarmed Combat
  3775 | D:3      | Reached skill level 1 in Poison Magic
  3775 | D:3      | Your scales start taking on a golden yellow colour.
  3775 | D:3      | Reached XP level 7. HP: 37/52 MP: 11/11
  3775 | D:3      | Gained mutation: You are resistant to acid. (rCorr) [Yellow
                  | Draconian growth]
  4171 | D:4      | Found a white marble altar of Elyvilon.
  4304 | D:4      | Noticed Pikel
  4355 | D:4      | Killed Pikel
  4356 | D:4      | Reached XP level 8. HP: 24/59 MP: 12/12
  4897 | D:5      | Entered Level 5 of the Dungeon
  4908 | D:5      | Reached skill level 7 in Unarmed Combat
  5210 | D:5      | Noticed Ijyb
  5216 | D:5      | Reached skill level 5 in Transmutations
  5225 | D:5      | Killed Ijyb
  5384 | D:5      | Noticed Edmund
  5403 | D:5      | Killed Edmund
  5593 | D:5      | Noticed Prince Ribbit
  5602 | D:5      | Slain by Prince Ribbit

Illustrated notes

Levels and vault maps discovered:
D:1:      dpeg_arrival_round_c, layout_basic
D:2:      layout_rooms, uniq_terence, uniq_jessica, uniq_sigmund, uniq_natasha
D:3:      layout_rooms
D:4:      layout_basic, serial_shops, shop, chequers_mini_garden,
          elyvilon_altar_3, uniq_pikel
D:5:      layout_cave_pools, hangedman_decor_lopped, minmay_between,
          uniq_edmund, uniq_prince_ribbit1, uniq_ijyb

Skill      XL: |  1  2  3  4  5  6  7  8 |
---------------+-------------------------+-----
Dodging        | 2 3 |  3.3
Unarmed Combat | 4 5 6 7 |  7.6
Stealth        | 1 |  1.5
Transmutations | 3 4 5 |  5.5
Poison Magic   | 1 3 4 |  4.5
Fighting       | |  1.5
Spellcasting   | |  2.7

Action                   |  1- 3 |  4- 6 |  7- 9 || total
-------------------------+-------+-------+-------++-------
Melee: Unarmed           |   123 |   170 |   188 ||   481
       Tailslap          |    11 |    11 |    13 ||    35
       Kick              |     2 |     4 |       ||     6
       Headbutt          |     1 |     3 |       ||     4
       Punch             |       |     4 |     3 ||     7
 Cast: Beastly Appendage |     3 |     1 |       ||     4
       Spider Form       |     1 |    11 |     4 ||    16
 Abil: Breathe Acid      |       |       |     1 ||     1
  Use: Scroll            |       |     1 |       ||     1
       Potion            |       |     1 |       ||     1
 Stab: Distracted        |     1 |       |       ||     1
       Sleeping          |       |     2 |     2 ||     4
Armor: Skin              |    33 |    29 |    43 ||   105
Dodge: Dodged            |   101 |   123 |   121 ||   345
